 Dungeon Crawl Stone Soup version 0.23.2-30-g0e89c35 (webtiles) character file.

Game seed: 17953846110785949488

322 Fortress the Firebug (level 6, -4/41 HPs)
             Began as a Demonspawn Fire Elementalist on June 11, 2019.
             Slain by a sky beast (5 damage)
             ... on level 3 of the Dungeon.
             The game lasted 00:13:17 (3203 turns).

Fortress the Firebug (Demonspawn Fire Elementalist) Turns: 3203, Time: 00:13:18

Health: -4/41      AC:  3    Str:  8    XL:     6   Next: 22%
Magic:  3/11       EV: 12    Int: 19    God:
Gold:   163        SH:  0    Dex: 11    Spells: 11/12 levels left

rFire    . . .     SeeInvis .   d - +0 mace
rCold    . . .     Gourm    .   (no shield)
rNeg     . . .     Faith    .   a - +0 robe
rPois    .         Spirit   .   (no helmet)
rElec    .         Reflect  .   r - +0 cloak
rCorr    .         Harm     .   (no gloves)
MR       .....                  (boots unavailable)
Stlth    +.........             (no amulet)
HPRegen  0.13/turn              (no ring)
MPRegen  0.12/turn              (no ring)

@: very slightly contaminated
A: hooves 3, clumsy 1, powered by pain 1
a: no special abilities


You were on level 3 of the Dungeon.
You were not hungry.

You visited 1 branch of the dungeon, and saw 3 of its levels.

You collected 163 gold pieces.

Inventory:

Hand Weapons
 d - a +0 mace (weapon)
Missiles
 e - 146 stones (quivered)
 i - 36 poisoned needles
 k - 12 sling bullets
 q - 3 needles of confusion
Armour
 a - a +0 robe (worn)
 r - a +0 cloak (worn)
Scrolls
 f - 2 scrolls of teleportation {unknown}
 g - 5 scrolls of remove curse {unknown}
 j - 2 scrolls of identify {unknown}
 l - a scroll of magic mapping {unknown}
 n - a scroll of enchant weapon {unknown}
 p - a scroll of random uselessness {unknown}
Potions
 b - a potion of curing
 h - a potion of might {unknown}
 m - a potion of flight {unknown}
 o - a potion of lignification {unknown}
Comestibles
 c - 2 rations
 s - a chunk of flesh


   Skills:
 - Level 2.0 Dodging
 - Level 2.0 Stealth
 + Level 3.8 Spellcasting
 + Level 3.2 Conjurations
 + Level 4.3 Fire Magic


You had 11 spell levels left.
You knew the following spells:

 Your Spells              Type           Power        Failure   Level  Hunger
a - Flame Tongue          Conj/Fire      ###..        3%          1    None

Your spell library contained the following spells:

 Spells                   Type           Power        Failure   Level  Hunger
 Throw Flame              Conj/Fire      ###...       4%          2    ##.....
 Conjure Flame            Conj/Fire      ###.....     9%          3    ###....
 Inner Flame              Hex/Fire       ##......     17%         3    ###....
 Sticky Flame             Conj/Fire      ###.....     28%         4    ####...
 Fireball                 Conj/Fire      ###.......   63%         5    ######.


Dungeon Overview and Level Annotations

Branches:
Dungeon (3/15)

Altars:


Innate Abilities, Weirdness & Mutations

You have hooves in place of feet.
You sometimes gain a little power by taking damage.
You are clumsy. (Dex -2)


Message History

Confirm with . or Enter, or press ? or * to list all spells.
You can't see any susceptible monsters within range! (Use Z to cast anyway.)
You miss something. Your kick misses something. Something hits you.
Something shocks you.
* * * LOW HITPOINT WARNING * * *
You hit something. Something hits you but does no damage. Something hits you.
* * * LOW HITPOINT WARNING * * *
Something shocks you.
* * * LOW HITPOINT WARNING * * *
A sky beast appears from thin air!
Reactivating autopickup.
You closely miss the sky beast. Your kick misses the sky beast.
The sky beast is severely wounded.
The sky beast misses you.
You hit the sky beast but do no damage.
The sky beast is severely wounded.
The sky beast hits you.
* * * LOW HITPOINT WARNING * * *
The sky beast shocks you.
You die...

### ..# #÷#
#.################
#................#
#.##############.#
#.# #@# ..# #Y#
### #≈# ### #.#
..####### #.#
.<....... #.#
..####### # #[#
### ># #.#
#########.# #.#


You could see a sky beast.

Vanquished Creatures
  Grinder (D:3)
  3 adders
  An ooze (D:1)
  2 worms (D:3)
  3 dart slugs (D:1)
  A leopard gecko (D:2)
  A giant cockroach (D:3)
  9 goblins
  10 hobgoblins
  8 jackals
  2 quokkas
  3 ball pythons
  A bat (D:1)
  6 frilled lizards
  7 kobolds
  6 rats
64 creatures vanquished.

Notes
Turn   | Place    | Note
-------+----------+-------------------------------------------
     0 | D:1      | Fortress the Demonspawn Fire Elementalist began the quest
                  | for the Orb.
     0 | D:1      | Reached XP level 1. HP: 13/13 MP: 3/3
   134 | D:1      | Gained mutation: You sometimes gain a little power by
                  | taking damage. [demonic ancestry]
   134 | D:1      | Reached XP level 2. HP: 19/19 MP: 0/5
   298 | D:1      | Reached skill level 3 in Fire Magic
   796 | D:1      | Gained mutation: You have large cloven feet. [demonic
                  | ancestry]
   796 | D:1      | Reached XP level 3. HP: 24/24 MP: 2/6
  1507 | D:2      | Gained mutation: You are frail. (-10% HP) [potion of
                  | mutation]
  1507 | D:2      | Gained mutation: You have a pair of small antennae on your
                  | head. [potion of mutation]
  1507 | D:2      | Gained mutation: You expend magic power (3 MP) to
                  | strengthen your wands. [potion of mutation]
  1658 | D:2      | Lost mutation: You are frail. (-10% HP) [potion of
                  | mutation]
  1658 | D:2      | Lost mutation: You have a pair of small antennae on your
                  | head. [potion of mutation]
  1658 | D:2      | Gained mutation: You are frail. (-10% HP) [potion of
                  | mutation]
  1658 | D:2      | Gained mutation: Your spells are a little easier to cast,
                  | but a little less powerful. [potion of mutation]
  1658 | D:2      | Gained mutation: Your muscles are strong. (Str +2) [potion
                  | of mutation]
  1741 | D:2      | Reached XP level 4. HP: 17/27 MP: 3/7
  2765 | D:3      | Noticed Grinder
  2775 | D:3      | Killed Grinder
  2775 | D:3      | Reached skill level 4 in Fire Magic
  2775 | D:3      | Reached XP level 5. HP: 5/31 MP: 1/10
  2775 | D:3      | Gained mutation: You have hoof-like feet. [demonic
                  | ancestry]
  2775 | D:3      | Reached XP level 6. HP: 6/36 MP: 1/11
  2788 | D:3      | Lost mutation: Your spells are a little easier to cast, but
                  | a little less powerful. [potion of mutation]
  2788 | D:3      | Lost mutation: You are frail. (-10% HP) [potion of
                  | mutation]
  2788 | D:3      | Lost mutation: You expend magic power (3 MP) to strengthen
                  | your wands. [potion of mutation]
  2788 | D:3      | Lost mutation: Your muscles are strong. (Str +2) [potion of
                  | mutation]
  2788 | D:3      | Gained mutation: You are clumsy. (Dex -2) [potion of
                  | mutation]
  2788 | D:3      | Gained mutation: You have hooves in place of feet. [potion
                  | of mutation]
  3177 | D:3      | Noticed a sky beast
  3203 | D:3      | HP: 1/41 [sky beast (2)]
  3203 | D:3      | Slain by a sky beast

Skill      XL: |  1  2  3  4 |
---------------+-------------+-----
Dodging        | 2 |  2.0
Fire Magic     | 3 4 |  4.3
Stealth        | 2 |  2.0
Conjurations   | 3 |  3.2
Spellcasting   | 3 |  3.8

Action                   |  1- 3 |  4- 6 || total
-------------------------+-------+-------++-------
Melee: Mace              |    22 |    20 ||    42
       Kick              |     2 |     5 ||     7
 Cast: Flame Tongue      |    64 |    66 ||   130
  Use: Potion            |     4 |     1 ||     5
 Stab: Sleeping          |     2 |     2 ||     4
  Eat: Chunk             |     3 |     5 ||     8
Armor: Robe              |     2 |     7 ||     9
Dodge: Dodged            |    30 |    41 ||    71
